 Dungeon Crawl Stone Soup version 0.30.0 (webtiles) character file.

Game seed: 13828770932623759762

12994 dialectric the Carver (level 12, 0/54 HPs)
             Began as a Vine Stalker Fighter on May 5, 2023.
             Was an Elder of Hepliaklqana.
             Slain by a water moccasin (1 damage)
             ... while petrified by a basilisk
             ... on level 2 of the Lair of Beasts on May 6, 2023.
             The game lasted 00:15:10 (7325 turns).

dialectric the Carver (Vine Stalker Fighter)        Turns: 7325, Time: 00:15:10

Health: 0/54       AC:  8    Str: 23    XL:     12   Next: 1%
Magic:  0/23       EV:  2    Int: 16    God:    Hepliaklqana [****..]
Gold:   464        SH:  0    Dex: 21    Spells: 19/24 levels left

rFire   . . .        Q - +0 scimitar (flame)
rCold   . . .        (no shield)
rNeg    + + +        R - +0 troll leather armour
rPois   ∞            F - +0 helmet
rElec   .            L - +0 cloak
rCorr   .            (no gloves)
SInv    .            C - +0 pair of boots of Aryoleij {rPois Will- Regen+ Int+8}
Will    .....        (no amulet)
Stlth   ++           h - +6 ring of dexterity
HPRegen 2.69/turn    s - ring of poison resistance
MPRegen 0.18/turn

%: guardian spirit
@: petrified, marked
A: reduced essence, fangs 3, regeneration 1, magic shield, antimagic bite, no
potion heal 2
a: Renounce Religion, Recall Ancestor, Ancestor Identity, Transference, Idealise


You were on level 2 of the Lair of Beasts.
You worshipped Hepliaklqana.
Hepliaklqana was greatly pleased with you.
You visited 2 branches of the dungeon, and saw 11 of its levels.

You collected 464 gold pieces.

Inventory:

Hand Weapons
 a - a +0 long sword
 g - a +2 dagger of draining
 Q - a +0 scimitar of flaming (weapon)
 T - a +5 great sword
Missiles
 p - 3 curare-tipped darts (quivered)
 y - 5 atropa-tipped darts
 z - 8 boomerangs of dispersal
 I - 13 poisoned darts
 O - a throwing net
Armour
 b - a +0 scale mail
 u - a +0 pair of boots
 C - the +0 pair of boots of Aryoleij (worn) {rPois Will- Regen+ Int+8}
   (You found it on level 5 of the Dungeon)

   Int:       It affects your intelligence (+8).
   rPois:     It protects you from poison.
   Regen:     It increases your rate of health regeneration.
   Will:      It decreases your willpower.
 F - a +0 helmet (worn)
 L - a +0 cloak (worn)
 M - a +0 chain mail
 R - a +0 troll leather armour (worn)
Jewellery
 f - an amulet of faith
 h - a +6 ring of dexterity (left hand)
 s - a ring of poison resistance (right hand)
 U - a ring of resist corrosion
Wands
 i - a wand of polymorph (20)
 k - a wand of iceblast (18)
 A - a wand of charming (7)
 J - a wand of acid (3)
 S - a wand of flame (5)
Scrolls
 e - 5 scrolls of blinking {unknown}
 j - a scroll of teleportation {unknown}
 l - 9 scrolls of identify {unknown}
 n - 2 scrolls of immolation {unknown}
 o - 2 scrolls of magic mapping {unknown}
 r - 2 scrolls of enchant weapon {unknown}
 t - 2 scrolls of vulnerability {unknown}
 v - a scroll of amnesia {unknown}
 w - 4 scrolls of noise {unknown}
 D - 2 scrolls of poison {unknown}
 E - 3 scrolls of enchant armour {unknown}
 H - a scroll of acquirement {unknown}
 P - 2 scrolls of fog {unknown}
Potions
 c - 3 potions of curing {unknown}
 m - a potion of haste {unknown}
 q - 2 potions of cancellation {unknown}
 x - 3 potions of attraction {unknown}
 B - a potion of lignification {unknown}
 G - a potion of brilliance {unknown}
 K - a potion of degeneration {unknown}
 N - a potion of heal wounds {unknown}


   Skills:
 + Level 5.9 Fighting
 - Level 7.0(9.1) Short Blades
 + Level 9.0(10.1) Long Blades
 + Level 1.1 Throwing
 - Level 6.0 Armour
 - Level 4.0 Dodging
 - Level 2.6 Shields
 * Level 6.6 Spellcasting
 * Level 7.0 Transmutations
 + Level 2.4 Evocations


You had 19 spell levels left.
You knew the following spells:

 Your Spells              Type           Power      Damage    Failure   Level
a - Blade Hands           Tmut           14%        N/A       22%         5

Your spell library contained the following spells:

 Spells                   Type           Power      Damage    Failure   Level
 Magic Dart               Conj           20%        1d4       14%         1
 Call Imp                 Summ           10%        N/A       22%         2
 Inner Flame              Hex/Fire       5%         N/A       38%         3
 Mephitic Cloud           Conj/Pois/Air  5%         N/A       38%         3
 Portal Projectile        Hex/Tloc       10%        N/A       38%         3
 Tukima's Dance           Hex            5%         N/A       38%         3
 Yara's Violent Unravell  Hex/Tmut       8%         3d5       67%         5
 Summon Forest            Summ/Tloc      2%         N/A       98%         5
 Summon Mana Viper        Hex/Summ       5%         N/A       98%         5
 Summon Cactus Giant      Summ           2%         N/A       100%        6
 Enfeeble                 Hex            2%         N/A       100%        7


Dungeon Overview and Level Annotations

Branches:
Dungeon (9/15)             Temple (0/1) D:7            Lair (2/5) D:9
  Swamp: Lair:2-3    Shoals: Lair:2-3     Snake: Lair:2-3    Spider: Lair:2-3
    Orc: D:9-12

Altars:
Gozag
Hepliaklqana
Kikubaaqudgha
Sif Muna
Trog

Shops:
D:3 *

Annotations:
D:9 1 runed translucent door, middlethird's ghost, novice VSAE


Innate Abilities, Weirdness & Mutations

Your life essence is reduced to manifest your ancestor. (-10% HP)
You have razor-sharp teeth.
Your natural rate of healing is unusually fast.
When hurt, damage is shared between your health and your magic reserves.
Your bite disrupts and absorbs the magic of your enemies.
Potions cannot restore your health.


Message History

The cane toad completely misses you. The wolf barely misses you.
The wolf bites you!
* * * LOW HITPOINT WARNING * * *
Aula blocks the basilisk's attack.
The bullfrog hits you. The wolf bites you.
* * * LOW HITPOINT WARNING * * *
The wolf bites you but does no damage.
The wolf bites Aula!
The water moccasin closely misses Aula.
The wolf bites you.
* * * LOW HITPOINT WARNING * * *
The wolf bites you.
* * * LOW HITPOINT WARNING * * *
The wolf bites you but does no damage.
The water moccasin bites Aula.
The wolf bites Aula.
Aula is destroyed!
The wolf bites you but does no damage. The bullfrog hits you.
* * * LOW HITPOINT WARNING * * *
The cane toad stings you!
* * * LOW HITPOINT WARNING * * *
The wolf bites you but does no damage. x2; The wolf barely misses you.
The wolf bites you but does no damage. The bullfrog hits you.
The wolf bites you.
The cane toad stings you but does no damage.
A yak comes into view.
The wolf bites you but does no damage. The wolf bites you.
* * * LOW HITPOINT WARNING * * *
The bullfrog hits you.
* * * LOW HITPOINT WARNING * * *
The cane toad stings you.
* * * LOW HITPOINT WARNING * * *
The wolf bites you but does no damage. The wolf bites you.
* * * LOW HITPOINT WARNING * * *
The water moccasin bites you but does no damage.
A yak comes into view.
The bullfrog hits you but does no damage.
The wolf bites you. x2
* * * LOW HITPOINT WARNING * * *
The wolf bites you but does no damage. The wolf bites you!
* * * LOW HITPOINT WARNING * * *
The water moccasin bites you.
You die...

....#.P .#
.....## ..# .
.#... ..##
.#...###.#.##
........!..#
#..#.#...# .
##.PS........
###...FS##.....
#....lF@h......
#....hhhh#.#...
........F#h##
.(....##..Y#.#
....P##^..Y##..
..### #.#..#
... . ###Y?.
.## ..Y## ##


You could see 4 yaks, 2 cane toads, a basilisk, 2 water moccasins, 6 wolves and
a bullfrog.

Vanquished Creatures
  Erica (D:8)
  Urug (Lair:2)
  Pikel (D:5)
  4 elephants (Lair:1)
  2 unseen horror zombies (D:8)
  2 cane toads
  2 rime drakes (Lair:2)
  2 komodo dragons (Lair:1)
  7 blink frogs (Lair:1)
  6 yaks (Lair:1)
  2 wyverns (Lair:1)
  A wraith (D:7)
  A basilisk (D:9)
  An acid dragon (D:9)
  7 water moccasins
  A sky beast (D:7)
  A swamp drake (D:9)
  A hornet zombie (D:8)
  An orc warrior (D:9)
  3 centaurs
  3 bullfrogs (Lair:1)
  A scorpion (D:4)
  A necrophage (D:8)
  A wyvern zombie (D:8)
  4 wights (D:9)
  3 killer bees (D:8)
  A human zombie (D:8)
  2 jellies
  An orc priest (D:8)
  3 hounds (D:5)
  3 iguanas
  Natasha (thrice) (D:2)
  2 sleepcaps
  4 orc wizards
  3 mummies (D:8)
  10 adders
  5 gnolls
  A worm (D:5)
  6 dart slugs
  17 orcs
  7 endoplasms
  4 giant cockroaches
  2 goblins
  2 hobgoblins (D:1)
  5 jackals
  15 kobolds
  4 quokkas
  8 ball pythons
  8 bats
  7 frilled lizards
  4 rats
187 creatures vanquished.

Vanquished Creatures (collateral kills)
  A cane toad (Lair:1)
  A troll (D:9)
  3 blink frogs (Lair:1)
  A wyvern (D:9)
  2 basilisks (D:9)
  An orc warrior (D:8)
  A hornet zombie (D:8)
  A kobold brigand (D:9)
  A bullfrog (Lair:2)
  A scorpion (D:5)
  6 wights
  A killer bee (D:8)
  2 centaur zombies (D:8)
  2 jellies
  An iguana (D:5)
  2 orcs
  A kobold (D:9)
28 creatures vanquished.

Vanquished Creatures (others)
  2 killer bees (D:8)
  An orc wizard (D:9)
  3 knights
  An ancestor (D:5)
  A bush (Lair:2)
  7 fungi
  8 plants
23 creatures vanquished.

Grand Total: 238 creatures vanquished

Notes
Turn   | Place    | Note
-------+----------+-------------------------------------------
     0 | D:1      | dialectric the Vine Stalker Fighter began the quest for the
                  | Orb.
     0 | D:1      | Reached XP level 1. HP: 11/11 MP: 2/2
   142 | D:1      | Reached XP level 2. HP: 16/16 MP: 3/3
   150 | D:1      | Reached skill level 2 in Long Blades
   422 | D:1      | Reached XP level 3. HP: 20/20 MP: 4/4
   727 | D:1      | Reached skill level 1 in Dodging
  1170 | D:2      | Noticed Natasha
  1178 | D:2      | Killed Natasha
  1179 | D:2      | Gained mutation: Your natural rate of healing is unusually
                  | fast. [Vine Stalker growth]
  1179 | D:2      | Reached XP level 4. HP: 17/24 MP: 5/5
  1191 | D:2      | Noticed Natasha
  1196 | D:2      | Killed Natasha
  1209 | D:2      | Noticed Natasha
  1217 | D:2      | Killed Natasha
  1218 | D:2      | Reached XP level 5. HP: 28/28 MP: 6/6
  1557 | D:2      | Found a faded altar of an unknown god.
  1677 | D:2      | You fall into a shaft and drop 2 floors!
  1705 | D:3      | Found a hazy altar of Hepliaklqana.
  1724 | D:3      | Found an opulent altar of Gozag.
  1724 | D:3      | Found Gozag's Platinum Reserve.
  1770 | D:3      | Became a worshipper of Hepliaklqana the Forgotten
  1862 | D:3      | Reached skill level 1 in Short Blades
  2413 | D:4      | Found a bloodstained altar of Trog.
  2491 | D:4      | Reached XP level 6. HP: 32/32 MP: 7/7
  3228 | D:5      | Entered Level 5 of the Dungeon
  3284 | D:5      | Reached XP level 7. HP: 24/36 MP: 6/8
  3331 | D:5      | Reached * piety under Hepliaklqana
  3586 | D:5      | Identified the +0 pair of boots of Aryoleij {rPois Will-
                  | Regen+ Int+8}
  3625 | D:5      | Learned a level 5 spell: Blade Hands
  3648 | D:5      | Noticed Pikel
  3674 | D:5      | Killed Pikel
  3675 | D:5      | Gained mutation: You have razor-sharp teeth. [Vine Stalker
                  | growth]
  3675 | D:5      | Reached XP level 8. HP: 27/37 MP: 7/9
  4130 | D:6      | Reached skill level 5 in Armour
  4157 | D:6      | Reached ** piety under Hepliaklqana
  4159 | D:6      | Remembered your ancestor Aula as a knight
  4212 | D:6      | You fall into a shaft and drop 1 floor!
  4213 | D:7      | Found a staircase to the Ecumenical Temple.
  4597 | D:7      | Noticed a wraith
  4629 | D:7      | Killed a wraith
  4630 | D:7      | Reached skill level 5 in Fighting
  4630 | D:7      | Reached XP level 9. HP: 28/42 MP: 3/10
  4984 | D:7      | Reached skill level 5 in Short Blades
  5001 | D:7      | Reached skill level 1 in Spellcasting
  5001 | D:7      | Reached skill level 1 in Transmutations
  5188 | D:8      | Noticed Erica
  5217 | D:8      | Killed Erica
  5681 | D:8      | Reached skill level 3 in Long Blades
  5691 | D:8      | Reached XP level 10. HP: 43/45 MP: 14/17
  5707 | D:8      | Found an ancient bone altar of Kikubaaqudgha.
  5735 | D:8      | Reached skill level 1 in Evocations
  5835 | D:9      | Found a runed translucent door.
  5835 | D:9      | Noticed middlethird's ghost (novice VSAE)
  6018 | D:9      | Reached skill level 4 in Long Blades
  6088 | D:9      | Reached *** piety under Hepliaklqana
  6099 | D:9      | Reached skill level 5 in Transmutations
  6262 | D:9      | Found a shimmering blue altar of Sif Muna.
  6420 | D:9      | Reached skill level 1 in Throwing
  6449 | D:9      | Reached skill level 5 in Spellcasting
  6453 | D:9      | Reached skill level 5 in Long Blades
  6453 | D:9      | Found a staircase to the Lair.
  6510 | Lair:1   | Entered Level 1 of the Lair of Beasts
  6626 | Lair:2   | Reached skill level 6 in Long Blades
  6639 | Lair:2   | Noticed a cane toad
  6644 | Lair:2   | Reached XP level 11. HP: 38/49 MP: 9/20
  6766 | Lair:1   | Reached skill level 7 in Long Blades
  6956 | Lair:1   | Reached skill level 8 in Long Blades
  7133 | Lair:1   | Reached **** piety under Hepliaklqana
  7289 | Lair:2   | Noticed Urug
  7296 | Lair:2   | Killed Urug
  7305 | Lair:2   | Reached skill level 9 in Long Blades
  7305 | Lair:2   | Reached XP level 12. HP: 54/54 MP: 18/23
  7325 | Lair:2   | HP: 1/54 [wolf (4)]
  7325 | Lair:2   | Slain by a water moccasin

Illustrated notes

Levels and vault maps discovered:
D:1:      minmay_arrival_up_and_down, layout_basic, st_stairs_4
D:2:      layout_loops_cross, ebering_ecumenical_altar_abandoned, uniq_natasha
D:3:      layout_loops_cross, nicolae_hepliaklqana_hazy_memory,
          nicolae_gozag_zags_fifth_avenue, saegor_snake_ambush
D:4:      minmay_chambers_of_threes, layout_basic, lightli_temple_of_fire,
          amcnicky_mini_rare_corridor_liquid
D:5:      layout_basic, uniq_pikel
D:6:      layout_cave_pools
D:7:      layout_basic, minmay_temple_entry_waves
D:8:      layout_basic, lemuel_mausoleum_altar_kikubaaqudgha, uniq_erica
D:9:      layout_roguey, lemuel_blue_sif_altar, erik_lair_dragon,
          hellmonk_ghost_big_iron
Lair:1:   layout_long_grid, lemuel_fruit_tree
Lair:2:   layout_misc_corridors, infiniplex_staircase_pool, uniq_urug

Skill      XL: |  1  2  3  4  5  6  7  8  9 10 11 12 |
---------------+-------------------------------------+-----
Long Blades    | 2 3 6 9 |  9.0
Fighting       | 3 4 5 |  5.9
Dodging        | 1 2 3 4 |  4.0
Armour         | 3 4 6 |  6.0
Short Blades   | 1 2 3 4 6 7 |  7.0
Spellcasting   | 4 5 6 |  6.6
Transmutations | 4 5 6 7 |  7.0
Evocations     | 1 2 |  2.4
Throwing       | 1 |  1.1
Shields        | |  2.6

Action                     |  1- 3 |  4- 6 |  7- 9 | 10-12 || total
---------------------------+-------+-------+-------+-------++-------
  Melee: Long sword        |    57 |       |       |       ||    57
         Bite              |    13 |    41 |    66 |    67 ||   187
         Dagger            |    20 |   165 |   219 |       ||   404
         Punch             |     1 |     2 |     2 |     6 ||    11
         Scimitar          |       |       |     8 |   212 ||   220
  Throw: Dart              |       |       |     4 |     1 ||     5
 Invoke: Recall Ancestor   |       |       |     1 |       ||     1
         Ancestor Life: Kn |       |       |     1 |       ||     1
  Evoke: Wand              |       |       |     3 |     5 ||     8
    Use: Potion            |       |       |       |     1 ||     1
   Stab: Distracted        |       |       |     2 |       ||     2
         Confused          |       |       |       |     1 ||     1
 Armour: Scale mail        |    40 |    64 |    52 |       ||   156
         Chain mail        |       |       |    42 |    57 ||    99
         Troll leather arm |       |       |       |    67 ||    67
  Dodge: Dodged            |    44 |   102 |   128 |   166 ||   440
